 Crawl Stoat Soup version 0.23-s2-327-gedf346cc44 (webtiles) character file.

21653 Artagas the Markself (level 12, -3/85 HPs)
             Began as a High Elf Arcane Marksman on Dec 10, 2023.
             Was a High Priest of Ihp'ix.
             Slain by an eight-headed hydra (9 damage)
             ... on level 2 of the Lair of Beasts.
             The game lasted 00:49:50 (22924 turns).

Artagas the Markself (High Elf Arcane Marksman)    Turns: 22924, Time: 00:49:51

Health: -3/85      AC:  9    Str: 13    XL:     12   Next: 56%
Magic:  26/26      EV: 16    Int: 19    God:    Ihp'ix [*****.]
Gold:   619        SH:  0    Dex: 16    Spells: 4/20 levels left

rFire    + . .     SeeInvis .   a - +1 shortbow
rCold    . . .     Gourm    .   (shield currently unavailable)
rNeg     . . .     Faith    .   u - +0 ring mail {rF+}
rPois    .         Spirit   .   N - +0 helmet
rElec    .         Warding  .   (no cloak)
rCorr    .         Reflect  .   (no gloves)
MR       +....     Harm     .   i - +0 pair of boots
Stlth    +.........             (no amulet)
HPRegen  0.24/turn              j - +3 ring of slaying
MPRegen  0.20/turn              L - ring of magical power

@: drained, infusing ranged
A: molten scales 1, blurry vision 1, low mp 1, sturdy frame 1
a: Request Divine Weapon, Stop Infusing Ranged Attacks, Piercing Fire, Renounce
Religion


You were on level 2 of the Lair of Beasts.
You worshipped Ihp'ix.
Ihp'ix was extremely pleased with you.
You were hungry.

You visited 3 branches of the dungeon, and saw 13 of its levels.

You collected 619 gold pieces.

Inventory:

Hand Weapons
 a - a +1 shortbow (weapon)
 b - a +3 falchion
   (You took it off a wight on level 6 of the Dungeon)
 D - a +3 flail
   (You took it off a gnoll on level 2 of the Dungeon)
 H - the +10 broad axe "Giant's Regret" {protect, rC+ rN+, unknown}
   (You found it on level 9 of the Dungeon)

   It protects the one who uses it against injury (+AC on strike).
   It protects you from cold.
   It protects you from negative energy.
 O - a +2 whip of draining
   (You took it off an orc on level 5 of the Dungeon)
Missiles
 m - a throwing net
Armour
 i - a +0 pair of boots (worn)
   (You found it on level 7 of the Dungeon)
 u - a +0 ring mail of fire resistance (worn)
   (You took it off an orc on level 5 of the Dungeon)
 N - a +0 helmet (worn)
   (You found it on level 1 of the Lair of Beasts)
Jewellery
 j - a +3 ring of slaying (left hand)
   (You took it off an orc wizard on level 6 of the Dungeon)
 B - an uncursed ring of fire
   (You found it on level 7 of the Dungeon)
 I - an uncursed amulet of harm
   (You found it on level 4 of the Dungeon)
 L - a ring of magical power (right hand)
   (You found it on level 1 of the Lair of Beasts)
Wands
 d - a wand of iceblast (8 charges)
 g - a wand of paralysis (12 charges)
 v - 4 wands of digging (29 charges)
 K - a wand of polymorph (15 charges)
Scrolls
 l - 3 scrolls of immolation
 n - a scroll of enchant weapon
 o - 3 scrolls of amnesia
 p - 3 scrolls of magic mapping
 y - 2 scrolls of vulnerability
 z - 3 scrolls of blinking
 E - a scroll of fog
 F - 5 scrolls of enchant armour
 G - a scroll of random uselessness {unknown}
 M - a scroll of fear
 P - a scroll of holy word {unknown}
 Q - 5 scrolls of remove curse
Potions
 h - a potion of haste
 k - 6 potions of mutation
 q - 2 potions of curing
 s - 4 potions of brilliance
 t - 2 potions of lignification
 w - a potion of heal wounds
 x - a potion of cancellation
 A - 2 potions of flight
 J - a potion of magic {unknown}
Comestibles
 e - 7 bread rations
 f - 3 fruits
 C - 6 meat rations


   Skills:
 + Level 9.3(8.9) Fighting
 - Level 3.0(2.6) Long Blades
 * Level 16.3(15.8) Bows
 + Level 1.8(1.5) Armour
 + Level 10.4(10.0) Dodging
 + Level 4.5(4.1) Spellcasting
 + Level 7.7(7.2) Hexes
 - Level 2.0(1.6) Translocations
 - Level 2.0(1.6) Fire Magic
 - Level 2.0(1.6) Earth Magic
 - Level 5.0(4.6) Evocations


You had 4 spell levels left.
You knew the following spells:

 Your Spells              Type           Power        Failure   Level  Hunger
a - Slow                  Hex            31/100       1%          2    ##.....
b - Cause Fear            Hex            31/200       10%         4    ####...
c - Portal Projectile     Hex/Tloc       20/50        10%         3    ###....
d - Inner Flame           Hex/Fire       20/100       10%         3    ###....
e - Leda's Liquefaction   Hex/Erth       20/200       30%         4    ####...

Your spell library contained the following spells:

 Spells                   Type           Power        Failure   Level  Hunger
 Irradiate                Conj/Tmut      3/200        99%         5    ######.
 Hydra Form               Tmut           3/200        100%        6    #######
 Statue Form              Tmut/Erth      7/150        100%        6    #######
 Dragon Form              Tmut           3/200        100%        7    #######


Dungeon Overview and Level Annotations

Branches:
Dungeon (9/15)             Temple (1/1) D:4            Lair (3/6) D:9
 Shoals (0/4) Lair:2        Snake (0/4) Lair:2
    Orc: D:9-12

Altars:
Ashenzari
Cheibriados
Dithmenos
Elyvilon
Fedhas
Gozag Ihp'ix
Kikubaaqudgha
Makhleb
Nemelex Xobeh
Okawaru
Qazlal
Ru
Sif Muna
Trog
Uskayaw
Vehumet
Wu Jian
Xom
Yredelemnul
Zin
The Shining One

Annotations:
D:2 Terence
Lair:3 Nergalle


Innate Abilities, Weirdness & Mutations

You are partially covered in molten scales. (AC +2)
Scrolls take you a little longer to read.
Your magical capacity is low. (-10% MP)
Your movements are slightly less encumbered by armour. (ER -2)


Message History

The spectral orc warrior barely misses you.
The spectral orc completely misses you.
You climb upwards.
There is a stone staircase leading down here.
The eight-headed hydra is too close now for your liking.
An eight-headed hydra is nearby!
There is a stone staircase leading down here.
You climb downwards.
Level annotation: Nergalle
There is a stone staircase leading up here.
You start resting.
The spectral orc knight is too close now for your liking.
What are your orders? t - Shout!
Orders for allies: a - Attack new target. r - Retreat! s - Stop attacking. g - Guard the area. f - Follow me.
Anything else - Cancel.
You shout for attention!
Firing (/) - cycle) an arrow
Press: ? - help, Shift-Dir - straight line, f - spectral orc knight
Aim: a spectral orc knight, wielding a long sword and wearing a chain mail (summoned)
You shoot an arrow. The arrow hits the spectral orc knight!
The spectral orc knight is lightly damaged.
Firing (/) - cycle) an arrow
Press: ? - help, Shift-Dir - straight line, f/p - spectral orc knight
Aim: a spectral orc knight, wielding a long sword and wearing a chain mail (lightly damaged, summoned)
You shoot an arrow. The arrow hits the spectral orc knight!
The spectral orc knight is moderately damaged.
Firing (/) - cycle) an arrow
Press: ? - help, Shift-Dir - straight line, f/p - spectral orc knight
Aim: a spectral orc knight, wielding a long sword and wearing a chain mail (moderately damaged, summoned)
You shoot an arrow. The arrow hits the spectral orc knight!
The spectral orc knight is heavily damaged.
Firing (/) - cycle) an arrow
Press: ? - help, Shift-Dir - straight line, f/p - spectral orc knight
Aim: a spectral orc knight, wielding a long sword and wearing a chain mail (heavily damaged, summoned)
You shoot an arrow. The arrow hits the spectral orc knight!
The spectral orc knight is severely damaged.
The spectral orc knight hits you with a long sword!
Firing (/) - cycle) an arrow
Press: ? - help, Shift-Dir - straight line, f/p - spectral orc knight
Aim: a spectral orc knight, wielding a long sword and wearing a chain mail (severely damaged, summoned)
You shoot an arrow. The arrow hits the spectral orc knight!
The spectral orc knight is almost destroyed.
The spiny frog completely misses you.
The spectral orc knight hits you with a long sword.
You climb upwards.
There is a stone staircase leading down here.
Firing (/) - cycle) an arrow
Press: ? - help, Shift-Dir - straight line, f - spiny frog
Aim: a spiny frog You shoot an arrow.
The arrow hits the spiny frog.
The spiny frog is lightly wounded.
The spiny frog closely misses you.
Firing (/) - cycle) an arrow
Press: ? - help, Shift-Dir - straight line, f/p - spiny frog
Aim: a spiny frog (lightly wounded)
You shoot an arrow. The arrow hits the spiny frog!!
The spiny frog is severely wounded.
The spiny frog barely misses you.
Firing (/) - cycle) an arrow
Press: ? - help, Shift-Dir - straight line, f/p - spiny frog
Aim: a spiny frog (severely wounded)
You shoot an arrow. The arrow hits the spiny frog.
The spiny frog is almost dead.
Firing (/) - cycle) an arrow
Press: ? - help, Shift-Dir - straight line, f/p - spiny frog
Aim: a spiny frog (almost dead)
You shoot an arrow. The arrow hits the spiny frog!!
You kill the spiny frog!
Ihp'ix accepts your kill. The eight-headed hydra bites you!
The eight-headed hydra barely misses you.
The eight-headed hydra misses you. The eight-headed hydra bites you!
The eight-headed hydra closely misses you. x2
The eight-headed hydra bites you.
The eight-headed hydra closely misses you.
The eight-headed hydra barely misses you.
The eight-headed hydra misses you. The eight-headed hydra bites you.
The eight-headed hydra barely misses you.
The eight-headed hydra bites you! x2
The eight-headed hydra closely misses you.
The eight-headed hydra bites you but does no damage.
The eight-headed hydra bites you. x2
The eight-headed hydra barely misses you.
The eight-headed hydra bites you.
The eight-headed hydra barely misses you.
The eight-headed hydra bites you!
* * * LOW HITPOINT WARNING * * *
The eight-headed hydra bites you!
* * * LOW HITPOINT WARNING * * *
The eight-headed hydra misses you. The eight-headed hydra bites you!
* * * LOW HITPOINT WARNING * * *
The eight-headed hydra barely misses you.
The eight-headed hydra bites you.
* * * LOW HITPOINT WARNING * * *
The eight-headed hydra bites you!
You die...

#...............P.#...##.....####
#.#.##..##..P##..#######.......##
.....##......#..#.####.#.........
###..##.###...###.##.##..........
.....P..#.......#................
........#.......#........[.......
....................<..........#.
............>....D#...#..........
.^#.##..........@................
..####P.#.......#.........###....
.## ##.#.......#.......##.#.....
## #####...###.......#........
#########........................
..............................#..
###..##....##..................##
# #######..#............###...###
###### ##..#...####P.#.P.###..P##


You could see an eight-headed hydra.

Vanquished Creatures
  3 hydras (Lair:1)
  3 merfolk sirens (Lair:2)
  A black mamba (Lair:1)
  A centaur skeleton (D:9)
  6 spiny frogs
  A rime drake (Lair:2)
  3 komodo dragons
  A merfolk (Lair:2)
  A troll (D:9)
  2 hornets (D:8)
  14 blink frogs
  Grinder (D:3)
  2 wyverns
  22 yaks
  Eustachio (D:6)
  3 basilisks (D:9)
  A hippogriff (Lair:1)
  Edmund (D:4)
  2 nagas (Lair:2)
  An acid dragon (D:9)
  5 water moccasins
  A soldier ant (D:8)
  A hornet zombie (D:9)
  4 porcupines
  2 ice beasts
  A black bear (D:8)
  2 orc warriors
  2 sky beasts
  3 centaurs
  8 wolves
  6 ogres
  6 crocodiles
  A phantom (D:8)
  A big kobold (D:9)
  11 bullfrogs
  2 water moccasin skeletons
  8 scorpions
  4 wights (D:6)
  5 killer bees (D:9)
  2 howler monkeys
  A goliath beetle (D:8)
  2 centaur zombies
  3 bullfrog zombies
  8 orc priests
  2 bullfrog skeletons
  6 hounds
  A jelly (D:6)
  3 iguanas
  Ijyb (D:3)
  12 orc wizards
  8 worker ants
  3 hound skeletons
  A worker ant zombie (D:6)
  A howler monkey zombie (D:6)
  7 gnolls
  15 adders
  A shadow imp (D:5)
  3 white imps
  An ufetubus (D:5)
  An adder zombie (D:5)
  4 worms
  2 dart slugs
  A leopard gecko (D:4)
  51 orcs
  5 bats
  6 giant cockroaches
  7 goblins
  4 hobgoblins
  21 jackals
  2 weasels
  A ball python (D:8)
  6 frilled lizards
  10 kobolds
  A leopard gecko skeleton (D:4)
  9 rats
  A weasel zombie (D:8)
356 creatures vanquished.

Vanquished Creatures (others)
  A human (D:6)
  A fungus (Lair:3)
  2 plants
  4 toadstools (D:1)
8 creatures vanquished.

Grand Total: 364 creatures vanquished

Notes
Turn   | Place    | Note
-------+----------+-------------------------------------------
     0 | D:1      | Artagas the High Elf Arcane Marksman began the quest for
                  | the Orb.
     0 | D:1      | Reached XP level 1. HP: 13/13 MP: 3/3
   201 | D:1      | Reached skill level 3 in Bows
   354 | D:1      | Reached XP level 2. HP: 18/18 MP: 4/4
  1215 | D:2      | Reached XP level 3. HP: 24/24 MP: 5/5
  1219 | D:2      | Learned a level 2 spell: Slow
  1312 | D:2      | Reached skill level 3 in Dodging
  1660 | D:2      | Reached skill level 2 in Fighting
  2545 | D:2      | Reached skill level 4 in Bows
  2545 | D:2      | Reached XP level 4. HP: 21/29 MP: 6/6
  2567 | D:1      | HP: 4/29 [gnoll/enchanted club (10)]
  3586 | D:3      | Noticed Ijyb
  3624 | D:3      | Killed Ijyb
  3771 | D:3      | Noticed Terence
  3822 | D:3      | HP: 2/30 [Terence/flail (9)]
  3925 | D:3      | HP: 4/30 [Terence/flail (8)]
  4295 | D:3      | Reached XP level 5. HP: 34/36 MP: 7/7
  4539 | D:3      | Found a glowing golden altar of the Shining One.
  4835 | D:3      | Noticed Grinder
  4835 | D:3      | Noticed voronchuk's ghost (amateur MDAK)
  4851 | D:3      | Paralysed by Grinder for 6 turns
  4858 | D:3      | Killed Grinder
  4858 | D:3      | Witnessed revenge of voronchuk's ghost on Grinder.
  4858 | D:3      | Reached skill level 3 in Fighting
  4858 | D:3      | Reached skill level 5 in Bows
  4858 | D:3      | Reached skill level 4 in Dodging
  4858 | D:3      | Reached XP level 6. HP: 20/42 MP: 8/8
  4864 | D:3      | Learned a level 4 spell: Cause Fear
  5986 | D:4      | Gained mutation: You are partially covered in molten
                  | scales. (AC +2) [potion of mutation]
  5986 | D:4      | Gained mutation: Scrolls take you a little longer to read.
                  | [potion of mutation]
  5986 | D:4      | Gained mutation: Your magical capacity is low. (-10% MP)
                  | [potion of mutation]
  5986 | D:4      | Gained mutation: Your movements are slightly less
                  | encumbered by armour. (ER -2) [potion of mutation]
  6032 | D:3      | Reached skill level 6 in Bows
  6034 | D:3      | Reached skill level 2 in Spellcasting
  6050 | D:4      | Reached XP level 7. HP: 39/47 MP: 10/10
  6145 | D:4      | Reached skill level 4 in Fighting
  6145 | D:4      | Reached skill level 5 in Dodging
  6537 | D:4      | Found a shimmering altar of Xom.
  7066 | D:5      | Entered Level 5 of the Dungeon
  7066 | D:5      | Noticed Edmund
  7166 | D:4      | Reached skill level 7 in Bows
  7369 | D:4      | Reached skill level 4 in Hexes
  7491 | D:4      | HP: 3/49 [ogre/giant club (26)]
  7787 | D:4      | Reached XP level 8. HP: 47/54 MP: 10/10
  8072 | D:4      | Found a staircase to the Ecumenical Temple.
  8078 | Temple   | Entered the Ecumenical Temple
  8292 | D:4      | Killed Edmund
  8292 | D:4      | Reached skill level 8 in Bows
  9267 | D:5      | Reached skill level 5 in Fighting
  9293 | D:5      | Found a three-legged altar of Ihp'ix.
  9304 | D:5      | Became a worshipper of Ihp'ix
  9467 | D:5      | Reached skill level 6 in Dodging
  9971 | D:5      | Found an ornate altar of the Wu Jian Council.
  9980 | D:5      | Reached skill level 9 in Bows
  9986 | D:5      | Found a stormy altar of Qazlal.
 10361 | D:6      | Noticed Eustachio
 10383 | D:6      | Killed Eustachio
 10383 | D:6      | Reached skill level 5 in Hexes
 10546 | D:6      | Reached * piety under Ihp'ix
 10600 | D:6      | Ihp'ix granted use of a +1 shortbow.
 10781 | D:6      | Reached XP level 9. HP: 62/62 MP: 11/11
 10800 | D:6      | Found a shadowy altar of Dithmenos.
 11179 | D:6      | Reached skill level 10 in Bows
 11188 | D:6      | Found an ancient bone altar of Kikubaaqudgha.
 11444 | D:6      | Reached skill level 1 in Long Blades
 11567 | D:6      | Reached skill level 1 in Evocations
 11881 | D:6      | Reached ** piety under Ihp'ix
 11921 | D:6      | Reached skill level 6 in Fighting
 12199 | D:7      | Reached skill level 7 in Dodging
 12291 | D:7      | Reached skill level 2 in Long Blades
 12700 | D:7      | Found an iron altar of Okawaru.
 12750 | D:7      | Reached skill level 3 in Spellcasting
 12809 | D:7      | Learned a level 3 spell: Portal Projectile
 12813 | D:7      | Learned a level 3 spell: Inner Flame
 13188 | D:7      | Reached skill level 2 in Evocations
 13428 | D:8      | Reached skill level 11 in Bows
 13612 | D:8      | Reached skill level 3 in Long Blades
 14183 | D:8      | Reached *** piety under Ihp'ix
 15003 | D:8      | Reached XP level 10. HP: 69/69 MP: 14/14
 15153 | D:8      | Paralysed by a hornet for 2 turns
 15164 | D:8      | Reached skill level 6 in Hexes
 15372 | D:8      | Reached skill level 3 in Evocations
 15519 | D:8      | Paralysed by a hornet for 1 turns
 15859 | D:9      | Ihp'ix granted use of a +2 shortbow.
 16075 | D:9      | Got an iridescent broad axe
 16360 | D:9      | Reached skill level 12 in Bows
 16493 | D:8      | Reached skill level 7 in Fighting
 16704 | D:9      | Reached skill level 8 in Dodging
 16967 | D:9      | Reached skill level 4 in Evocations
 17592 | D:9      | Reached skill level 13 in Bows
 17592 | D:9      | Reached skill level 7 in Hexes
 17708 | D:9      | Reached **** piety under Ihp'ix
 18026 | D:9      | Found a staircase to the Lair.
 18108 | Lair:1   | Entered Level 1 of the Lair of Beasts
 18116 | Lair:1   | Reached XP level 11. HP: 67/75 MP: 4/14
 18541 | Lair:1   | Reached skill level 5 in Evocations
 18793 | Lair:1   | Noticed a four-headed hydra
 18799 | Lair:1   | Killed a four-headed hydra
 18799 | Lair:1   | Reached skill level 8 in Fighting
 18799 | Lair:1   | Reached skill level 14 in Bows
 18799 | Lair:1   | Reached skill level 9 in Dodging
 19052 | Lair:1   | HP: 11/77 [poisoned by a black mamba]
 19058 | Lair:1   | HP: 10/77 [poisoned by a black mamba]
 19064 | Lair:1   | HP: 9/77 [poisoned by a black mamba]
 19072 | Lair:1   | HP: 9/77 [poisoned by a black mamba]
 19495 | Lair:1   | Noticed a four-headed hydra
 19505 | Lair:1   | Killed a four-headed hydra
 19680 | Lair:1   | Noticed an eight-headed hydra
 19686 | Lair:1   | Killed an eight-headed hydra
 19755 | Lair:1   | Reached skill level 15 in Bows
 20592 | Lair:1   | Learned a level 4 spell: Leda's Liquefaction
 20940 | Lair:2   | Reached skill level 1 in Translocations
 20940 | Lair:2   | Reached skill level 1 in Fire Magic
 21029 | Lair:2   | Reached skill level 10 in Dodging
 21029 | Lair:2   | Reached skill level 1 in Earth Magic
 21029 | Lair:2   | Reached XP level 12. HP: 84/84 MP: 16/16
 21048 | Lair:2   | Reached ***** piety under Ihp'ix
 21184 | Lair:2   | Reached skill level 9 in Fighting
 21287 | Lair:2   | Found a staircase to the Shoals.
 21370 | Lair:2   | Found a staircase to the Snake Pit.
 21570 | Lair:2   | Noticed an eight-headed hydra
 21685 | Lair:1   | Reached skill level 2 in Fire Magic
 21826 | Lair:3   | Reached skill level 2 in Translocations
 22119 | Lair:3   | Reached skill level 4 in Spellcasting
 22190 | Lair:3   | Reached skill level 1 in Armour
 22205 | Lair:3   | Reached skill level 16 in Bows
 22206 | Lair:3   | Reached skill level 2 in Earth Magic
 22779 | Lair:3   | Noticed Nergalle
 22780 | Lair:3   | Noticed a five-headed hydra
 22924 | Lair:2   | HP: 9/85 [eight-headed hydra (7)]
 22924 | Lair:2   | Slain by an eight-headed hydra

Vault maps used:
D:1:      ldierk_water_garden
D:2:      nicolae_overflow_hidden_temple
D:3:      nicolae_tso_carved_into_rock, uniq_ijyb, uniq_terence, uniq_grinder
D:4:      lemuel_coloured_pillars_altar, minmay_temple_entry_nine_rooms
D:5:      lemuel_round_altar, minitemple, first_bread, hangedman_decor_opposing,
          uniq_edmund
D:6:      lemuel_round_altar, hangedman_decor_diamond_cutter, tgw_kikubaaqudgha,
          uniq_eustachio
D:7:      okawaru_altar_gauntlet_db
D:8:      hangedman_pestilent_swarm
D:9:      erik_lair_dragon
Temple:   regret_index_temple_waves
Lair:1:   cheibrodos_lair_river_kwai, infiniplex_staircase_pool
Lair:2:   elwin_shoals_entry_stream, minmay_snake_entry_guardpost_small
Lair:3:   uniq_nergalle

Skill      XL: |  1  2  3  4  5  6  7  8  9 10 11 12 |
---------------+-------------------------------------+-----
Bows           | 3 4 5 6 7 9 11 13 15 16 | 16.3
Dodging        | 3 4 5 6 7 8 10 | 10.4
Fighting       | 2 3 4 5 6 7 8 9 |  9.3
Spellcasting   | 2 3 4 |  4.5
Hexes          | 4 5 7 |  7.7
Long Blades    | 3 |  3.0
Evocations     | 2 4 5 |  5.0
Translocations | 1 2 |  2.0
Fire Magic     | 1 2 |  2.0
Earth Magic    | 1 2 |  2.0
Armour         | 1 |  1.8

Action                   |  1- 3 |  4- 6 |  7- 9 | 10-12 || total
-------------------------+-------+-------+-------+-------++-------
Melee: Dagger            |    27 |     6 |       |       ||    33
       Flail             |       |    75 |    41 |       ||   116
       Whip              |       |       |   115 |       ||   115
       Dire flail        |       |       |     4 |       ||     4
       Falchion          |       |       |    13 |    31 ||    44
 Fire: Shortbow          |    98 |   107 |   479 |   647 ||  1331
Throw: Dart              |     7 |    11 |    49 |       ||    67
 Cast: Slow              |       |     5 |    32 |    15 ||    52
       Cause Fear        |       |       |     7 |    20 ||    27
       * Portal Projecti |       |       |       |     3 ||     3
Invok: Request Divine We |       |       |     1 |     1 ||     2
       Infuse Ranged Att |       |       |       |     1 ||     1
Evoke: Wand              |       |     3 |     2 |    11 ||    16
  Use: Scroll            |     3 |     1 |    11 |     6 ||    21
       Potion            |       |     1 |       |       ||     1
 Stab: Paralysed         |       |       |       |     6 ||     6
  Eat: Chunk             |     4 |     8 |    25 |    23 ||    60
       Bread ration      |       |     1 |     1 |       ||     2
       Fruit             |       |       |     1 |       ||     1
       Meat ration       |       |       |       |     1 ||     1
Armor: Scale mail        |    22 |    12 |       |       ||    34
       Ring mail         |       |    49 |   104 |    45 ||   198
Dodge: Dodged            |    29 |   103 |   247 |   147 ||   526
       Rpst.: Falchion   |       |       |     5 |     3 ||     8
* Casting counts for permanent charms are approximate representations of how often the player would have had to cast a non-permanent spell for the same benefits.

Table legend:
 A = Spawn XP
 B = Non-spawn XP
 C = Spawn XP percentage of total XP
 D = Spawn monster count
 E = Non-spawn monster count
 F = Spawn count percentage of total count
 G = Total turns spent on level
                    A         B        C        D         E        F      G
               +---------+---------+-------+---------+---------+-------+---------
         Total |    5136 |   25798 |  16.6 |      79 |     277 |  22.2 | 22924
               +---------+---------+-------+---------+---------+-------+---------
           D:1 |       6 |      24 |  20.0 |       3 |      16 |  15.8 |  1456
           D:2 |      22 |      89 |  19.8 |       5 |      14 |  26.3 |  2474
           D:3 |       9 |     435 |   2.0 |       5 |      22 |  18.5 |  1723
           D:4 |     328 |     707 |  31.7 |      13 |      31 |  29.5 |  2642
           D:5 |     124 |     638 |  16.3 |       4 |      30 |  11.8 |  2065
           D:6 |     267 |    1209 |  18.1 |       6 |      31 |  16.2 |  1775
           D:7 |     170 |     453 |  27.3 |       5 |      20 |  20.0 |  1156
           D:8 |     462 |    1799 |  20.4 |       8 |      18 |  30.8 |  2654
           D:9 |    1385 |    2785 |  33.2 |      16 |      27 |  37.2 |  2167
        Lair:1 |    1053 |    7488 |  12.3 |       7 |      27 |  20.6 |  2451
        Lair:2 |     338 |    5321 |   6.0 |       1 |      20 |   4.8 |  1273
        Lair:3 |     972 |    4850 |  16.7 |       6 |      21 |  22.2 |   985
               +---------+---------+-------+---------+---------+-------+---------

Vault maps used:
D:1:      ldierk_water_garden
D:2:      nicolae_overflow_hidden_temple
D:3:      nicolae_tso_carved_into_rock, uniq_ijyb, uniq_terence, uniq_grinder
D:4:      lemuel_coloured_pillars_altar, minmay_temple_entry_nine_rooms
D:5:      lemuel_round_altar, minitemple, first_bread, hangedman_decor_opposing,
          uniq_edmund
D:6:      lemuel_round_altar, hangedman_decor_diamond_cutter, tgw_kikubaaqudgha,
          uniq_eustachio
D:7:      okawaru_altar_gauntlet_db
D:8:      hangedman_pestilent_swarm
D:9:      erik_lair_dragon
Temple:   regret_index_temple_waves
Lair:1:   cheibrodos_lair_river_kwai, infiniplex_staircase_pool
Lair:2:   elwin_shoals_entry_stream, minmay_snake_entry_guardpost_small
Lair:3:   uniq_nergalle

Table legend:
 A = Turns spent in this place as a percentage of turns spent in the entire game.
 B = Non-inter-level travel turns spent in this place as a percentage of non-inter-level travel turns spent in the entire game.
 C = Inter-level travel turns spent in this place as a percentage of turns spent in this place.
 D = Turns resting spent in this place as a percentage of non-inter-level travel turns spent in this place.
 E = Turns spent auto-exploring this place as a percentage of non-inter-level travel turns spent in this place.
 F = Non-inter-level travel turns spent in this place divided by the number of levels of this place that you've seen.
                   A       B       C       D       E      F
               +-------+-------+-------+-------+-------+----------------------
         Total | 100.0 | 100.0 |   3.6 |  24.4 |  56.2 | 1700.7
       Dungeon |  79.0 |  79.0 |   3.6 |  24.3 |  55.7 | 1939.8
        Temple |   0.4 |   0.4 |  24.3 |   0.0 |  97.4 |  78.0
          Lair |  20.5 |  20.7 |   2.9 |  25.1 |  57.5 | 1524.3
               +-------+-------+-------+-------+-------+----------------------

Table legend:
 A = Kills in this place as a percentage of kills in entire the game.
 B = Kills by you in this place as a percentage of kills by you in the entire game.
 C = Kills by friends in this place as a percentage of kills by friends in the entire game.
 D = Other kills in this place as a percentage of other kills in the entire game.
 E = Experience gained in this place as a percentage of experience gained in the entire game.
 F = Experience gained in this place divided by the number of levels of this place that you have seen.
                   A       B       C       D       E      F
               +-------+-------+-------+-------+-------+----------------------
         Total | 100.0 | 100.0 |   N/A |   N/A | 100.0 | 2379.5
       Dungeon |  77.0 |  77.0 |   N/A |   N/A |  35.3 | 1212.4
          Lair |  23.0 |  23.0 |   N/A |   N/A |  64.7 | 6674.0
               +-------+-------+-------+-------+-------+----------------------
